 Dungeon Crawl Stone Soup version 0.30-a0-263-ge22c4ad894 (webtiles) character file.

Game seed: 852045214792049693

4936 chippings the Ogre Mage (level 10, -5/92 HPs)
             Began as an Ogre Fire Elementalist on Oct 13, 2022.
             Was a Priest of Vehumet.
             Killed from afar by an acid dragon (28 damage)
             ... with a splash of acid
             ... on level 9 of the Dungeon.
             The game lasted 00:29:39 (8523 turns).

chippings the Ogre Mage (Ogre Fire Elementalist)    Turns: 8523, Time: 00:29:40

Health: -5/92      AC:  2    Str: 22    XL:     10   Next: 52%
Magic:  8/22       EV:  8    Int: 20    God:    Vehumet [***...]
Gold:   181        SH:  8    Dex: 11    Spells: 12/25 levels left

rFire   . . .      SeeInvis .    q - +8 trident of the Five Demons {flame, Str+5}
rCold   . . .      Faith    +    d - +0 kite shield
rNeg    . . .      Spirit   .    a - +0 robe
rPois   .          Reflect  .    (helmet restricted)
rElec   +          Harm     .    t - +2 cloak of Mental Paralysis {Dex+2 Stlth+}
rCorr   .          Rampage  .    (gloves unavailable)
Will    +....                    (boots unavailable)
Stlth   +++.......               n - amulet "Jaecotor" {Faith rElec Str+3}
HPRegen 0.35/turn                (no ring)
MPRegen 0.18/turn                (no ring)

@: marked, corroded
A: large, unfitting armour, tough skin 1
a: Renounce Religion


You were on level 9 of the Dungeon.
You worshipped Vehumet.
Vehumet was most pleased with you.
You visited 1 branch of the dungeon, and saw 9 of its levels.
You also visited: Sewer.

You collected 603 gold pieces.
You spent 422 gold pieces at shops.

Inventory:

Hand Weapons
 q - the +8 trident of the Five Demons (weapon) {flame, Str+5}
   (You bought it in a shop on level 8 of the Dungeon)

   It burns those it strikes, dealing additional fire damage.
   Str:       It affects your strength (+5).
Armour
 a - a +0 robe (worn)
 d - a +0 kite shield (worn)
 t - the +2 cloak of Mental Paralysis (worn) {Dex+2 Stlth+}
   (You bought it in a shop on level 4 of the Dungeon)

   Dex:       It affects your dexterity (+2).
   Stlth:     It makes you more stealthy.
Magical Staves
 j - a staff of cold
Jewellery
 n - the amulet "Jaecotor" (around neck) {Faith rElec Str+3}
   (You acquired it on level 8 of the Dungeon)

   [amulet of faith]

   It allows you to gain divine favour quickly.
   Str:       It affects your strength (+3).
   rElec:     It insulates you from electricity.
Wands
 l - a wand of roots (10)
Scrolls
 b - a scroll of immolation
 c - 2 scrolls of fog
 e - a scroll of identify
 i - 2 scrolls of torment
 m - a scroll of brand weapon
 o - a scroll of vulnerability
 y - a scroll of blinking
 C - a scroll of summoning
 E - a scroll of fear {unknown}
Potions
 f - a potion of attraction
 g - 6 potions of curing {unknown}
 h - 3 potions of heal wounds {unknown}
 k - 2 potions of cancellation {unknown}
 p - 2 potions of brilliance {unknown}
 r - 4 potions of haste
 u - a potion of flight {unknown}
 v - a potion of mutation {unknown}
 x - 2 potions of invisibility
 B - 4 potions of might {unknown}
 D - a potion of lignification {unknown}
 F - a potion of ambrosia {unknown}


   Skills:
 - Level 4.0 Fighting
 + Level 4.1 Polearms
 - Level 1.7 Dodging
 - Level 1.4 Stealth
 + Level 3.3 Shields
 - Level 8.0 Spellcasting
 + Level 7.1 Conjurations
 - Level 2.0 Hexes
 - Level 2.0 Translocations
 + Level 7.7 Fire Magic
 - Level 2.0 Air Magic


You had 12 spell levels left.
You knew the following spells:

 Your Spells              Type           Power      Damage    Failure   Level
a - Foxfire               Conj/Fire      100%       2x1d9     1%          1
b - Scorch                Fire           76%        2d9       1%          2
c - Inner Flame           Hex/Fire       27%        N/A       2%          3
d - Kindle Blastsparks    Fire/Tloc/Air  46%        2d13      3%          3
e - Flame Wave            Conj/Fire      37%        2d10      2%          4

Your spell library contained the following spells:

 Spells                   Type           Power      Damage    Failure   Level
 Airstrike                Air            8%         2d(2-18)  22%         4
 Hailstorm                Conj/Ice       22%        3d7       4%          3
 Freeze                   Ice            32%        1d5       5%          1
 Frozen Ramparts          Ice            16%        1d3       16%         3
 Chain Lightning          Conj/Air       13%        3d17      100%        9
 Fire Storm               Conj/Fire      18%        8d5       100%        9
 Shatter                  Erth           4%         3d7*      100%        9


Dungeon Overview and Level Annotations

Branches:
Dungeon (9/15)             Temple (0/1) D:4           Sewer (visited)
   Lair: D:8-11         Orc: D:9-12

Altars:
Elyvilon
Fedhas
Trog
Uskayaw
Vehumet
Wu Jian

Shops:
D:4 [   D:8 (

Annotations:
D:7 3 runed translucent doors, SirDiesAlot's ghost, novice TrBe


Innate Abilities, Weirdness & Mutations

You are too large for most types of armour.
You have tough skin. (AC +1)


Message History

The wolf is moderately wounded.
The foxfire hits the wolf.
The wolf is heavily wounded.
Casting: Foxfire (safe; 1% risk of failure)
Confirm with . or Enter, or press ? or * to list all spells.
You conjure some foxfire!
The wolf bites you! The wolf barely misses you.
You puncture the wolf! You burn the wolf.
You kill the wolf!
Vehumet accepts your kill.
You feel your power returning.
The foxfire hits the acid dragon.
The acid dragon is lightly wounded.
The foxfire hits the acid dragon.
The acid dragon is lightly wounded.
Casting: Foxfire (safe; 1% risk of failure)
Confirm with . or Enter, or press ? or * to list all spells.
You conjure some foxfire!
Casting: Foxfire (safe; 1% risk of failure)
Confirm with . or Enter, or press ? or * to list all spells.
Flames lash the acid dragon.
The acid dragon is moderately wounded.
The acid dragon's fire resistance burns away.
The foxfire hits the acid dragon.
The acid dragon is moderately wounded.
The foxfire hits the acid dragon.
The acid dragon is burned terribly!
The acid dragon is heavily wounded.
Casting: Scorch (safe; 1% risk of failure)
Confirm with . or Enter, or press ? or * to list all spells.
Flames lash the acid dragon.
The acid dragon is burned terribly!
The acid dragon is severely wounded.
The acid dragon bites you!
* * * LOW HITPOINT WARNING * * *
The acid dragon barely misses you.
Casting: Scorch (safe; 1% risk of failure)
Confirm with . or Enter, or press ? or * to list all spells.
Flames lash the acid dragon.
The acid dragon is burned terribly!
The acid dragon is severely wounded.
A gnoll bouda comes into view. It is wielding a +0 club.
The acid dragon spits acid at you. The splash of acid hits you!!
You die...

#########.##^.........
#.......g.............
#.......(.##......##..
#........(##......##..
#.)....§)☼##......##).
#........○###.......).
#.........# ##.....))[
#....D....# #.....().
#....@....# #........
#.........# #########
#.........#
###########


You could see an acid dragon (catching breath, combustible) and a gnoll bouda.

Vanquished Creatures
  Harold (D:9)
  A troll (D:9)
  A hornet (D:9)
  Grinder (D:5)
  A wraith (D:8)
  A wyvern (D:9)
  Eustachio (D:6)
  A steam dragon (D:7)
  Menkaure (D:5)
  A water moccasin (D:8)
  A sky beast (D:7)
  An ice beast (D:4)
  3 orc warriors
  3 centaurs
  3 lemures (D:8)
  3 wolves
  2 phantoms
  4 kobold brigands
  2 bullfrogs
  2 scorpions
  5 wights (D:8)
  4 howler monkeys
  An electric eel (D:9)
  7 hounds
  2 jellies
  3 orc priests
  A gnoll bouda (D:7)
  An iguana (D:5)
  4 orc wizards
  11 adders
  9 gnolls
  A white imp (D:6)
  2 ufetubi (D:6)
  3 dart slugs
  26 orcs
  6 endoplasms
  10 giant cockroaches
  4 goblins
  3 hobgoblins
  21 kobolds
  6 quokkas
  8 ball pythons
  4 bats
  12 frilled lizards
  4 rats
192 creatures vanquished.

Vanquished Creatures (collateral kills)
  An orc (D:6)
1 creature vanquished.

Vanquished Creatures (others)
  285 foxfires
  8 plants (D:1)
  13 withered plants (D:1)
306 creatures vanquished.

Grand Total: 499 creatures vanquished

Notes
Turn   | Place    | Note
-------+----------+-------------------------------------------
     0 | D:1      | chippings the Ogre Fire Elementalist began the quest for
                  | the Orb.
     0 | D:1      | Reached XP level 1. HP: 16/16 MP: 3/3
    69 | D:1      | Reached skill level 1 in Conjurations
   222 | D:1      | Reached XP level 2. HP: 24/24 MP: 5/5
   297 | D:1      | Found a faded altar of an unknown god.
   973 | D:2      | Reached skill level 3 in Spellcasting
  1094 | D:2      | Reached XP level 3. HP: 31/31 MP: 4/7
  1098 | D:2      | Learned a level 2 spell: Scorch
  2467 | D:4      | Noticed an ice beast
  2488 | D:4      | Found a hide-covered altar of Uskayaw.
  2491 | D:4      | Noticed a phantom
  2506 | D:4      | Killed a phantom
  2507 | D:4      | Reached XP level 4. HP: 39/39 MP: 1/9
  2507 | D:4      | Reached XP level 5. HP: 45/45 MP: 1/10
  2581 | D:4      | Found a radiant altar of Vehumet.
  2606 | D:4      | Became a worshipper of Vehumet
  2635 | D:4      | Found Rier's Antique Armour Boutique.
  2641 | D:4      | Bought a dazzling cloak for 218 gold pieces
  2641 | D:4      | Identified the +2 cloak of Mental Paralysis {Dex+2 Stlth+}
                  | (You bought it in a shop on level 4 of the Dungeon)
  2692 | D:4      | Found a staircase to the Ecumenical Temple.
  2734 | D:4      | Killed an ice beast
  2735 | D:4      | Reached skill level 4 in Spellcasting
  2836 | D:4      | Reached XP level 6. HP: 53/53 MP: 7/12
  2948 | D:4      | Found a blossoming altar of Fedhas.
  3316 | D:5      | Entered Level 5 of the Dungeon
  3394 | D:5      | Learned a level 3 spell: Inner Flame
  3398 | D:5      | Learned a level 3 spell: Kindle Blastsparks
  3403 | D:5      | Learned a level 4 spell: Flame Wave
  3423 | D:5      | Noticed Menkaure
  3556 | D:5      | Killed Menkaure
  3557 | D:5      | Reached skill level 1 in Translocations
  3557 | D:5      | Reached skill level 1 in Air Magic
  3557 | D:5      | Reached XP level 7. HP: 46/59 MP: 8/14
  3959 | D:5      | Reached skill level 5 in Spellcasting
  3964 | D:5      | Reached skill level 1 in Fighting
  4110 | D:5      | Found a bloodstained altar of Trog.
  4127 | D:5      | Reached * piety under Vehumet
  4127 | D:5      | Offered knowledge of Shock by Vehumet.
  4128 | D:5      | Reached skill level 1 in Polearms
  4133 | D:5      | Noticed Grinder
  4139 | D:5      | Paralysed by Grinder for 3 turns
  4148 | D:5      | Killed Grinder
  4149 | D:5      | Reached XP level 8. HP: 60/72 MP: 6/16
  4490 | D:6      | Reached skill level 5 in Fire Magic
  4604 | D:6      | Found a glowing drain.
  4638 | Sewer    | Entered a sewer
  4901 | Sewer    | Reached ** piety under Vehumet
  4908 | Sewer    | Offered knowledge of Kiss of Death by Vehumet.
  5030 | D:6      | Reached skill level 6 in Spellcasting
  5057 | D:6      | Noticed Eustachio
  5066 | D:6      | Killed Eustachio
  5287 | D:6      | Found a white marble altar of Elyvilon.
  5682 | D:7      | Reached skill level 5 in Conjurations
  5684 | D:7      | Reached XP level 9. HP: 84/84 MP: 11/18
  5713 | D:7      | Found a runed translucent gate.
  5714 | D:7      | Found a runed translucent gate.
  5714 | D:7      | Found a runed translucent gate.
  5831 | D:7      | Noticed SirDiesAlot's ghost (novice TrBe)
  6074 | D:7      | Reached skill level 7 in Spellcasting
  6144 | D:7      | Reached skill level 1 in Hexes
  6831 | D:8      | Found an ornate altar of the Wu Jian Council.
  6858 | D:8      | Offered knowledge of Ignite Poison by Vehumet.
  6868 | D:8      | Reached *** piety under Vehumet
  7317 | D:8      | Found Ketten's Antique Weapon Boutique.
  7337 | D:8      | Identified a scroll of acquirement
  7337 | D:8      | Acquired the amulet "Jaecotor" {Faith rElec Str+3}
  7427 | D:8      | Bought a glimmering trident for 204 gold pieces
  7427 | D:8      | Identified the +8 trident of the Five Demons {flame, Str+5}
                  | (You bought it in a shop on level 8 of the Dungeon)
  7609 | D:9      | Offered knowledge of Airstrike by Vehumet.
  7619 | D:9      | Noticed a troll
  7629 | D:8      | Reached skill level 8 in Spellcasting
  7743 | D:9      | Killed a troll
  7744 | D:9      | Reached skill level 1 in Shields
  7744 | D:9      | Reached XP level 10. HP: 23/92 MP: 11/22
  7982 | D:9      | Noticed Harold
  7997 | D:9      | Noticed a kobold demonologist
  8209 | D:8      | HP: 2/92 [orc warrior/boomerang (6)]
  8512 | D:9      | Killed Harold
  8523 | D:9      | Killed from afar by an acid dragon

Illustrated notes

Levels and vault maps discovered:
D:1:      dpeg_arrival_stonehenge_8_columns, layout_loops_ring,
          shapermc_ecumenical_altar_flowoftime, minmay_pentomino_x2
D:2:      layout_loops_cross
D:3:      layout_loops_ring
D:4:      layout_basic, mainiacjoe_overflow_24_doors,
          mainiacjoe_overflow_catwalk_spiral, minmay_temple_entry_ruins,
          serial_shops, nicolae_stop_n_shop_1, chequers_serial_rivers_micro_c,
          kennysheep_generic_room_13
D:5:      layout_loops_cross, mainiacjoe_overflow_paths, uniq_grinder,
          uniq_menkaure
D:6:      layout_basic, old_standard_altar, portal_sewer_entry_a, uniq_eustachio
D:7:      layout_basic, gammafunk_ghost_icy
D:8:      layout_gridville, kennysheep_mini_moat, serial_shops,
          nicolae_inconvenience_store
D:9:      layout_basic, ashenzari_conservatory_becter, erik_lair_island,
          gammafunk_ghost_spectres, uniq_pikel, uniq_harold

Skill      XL: |  1  2  3  4  5  6  7  8  9 10 |
---------------+-------------------------------+-----
Conjurations   | 1 2 3 4 5 6 7 |  7.1
Fire Magic     | 3 4 5 7 |  7.7
Spellcasting   | 3 4 5 6 8 |  8.0
Translocations | 1 2 |  2.0
Air Magic      | 1 2 |  2.0
Fighting       | 2 4 |  4.0
Polearms       | 1 2 4 |  4.1
Hexes          | 2 |  2.0
Shields        | 1 3 |  3.3
Dodging        | |  1.7
Stealth        | |  1.4

Action                   |  1- 3 |  4- 6 |  7- 9 | 10-12 || total
-------------------------+-------+-------+-------+-------++-------
Melee: Unarmed           |     5 |       |       |       ||     5
       Dagger            |    80 |    30 |       |       ||   110
       Punch             |     4 |     1 |     1 |       ||     6
       Spear             |       |       |    59 |       ||    59
       Trident           |       |       |     8 |     6 ||    14
 Cast: Foxfire           |    25 |    15 |    89 |    27 ||   156
       Scorch            |    12 |    17 |    45 |     8 ||    82
       Inner Flame       |       |     1 |    23 |     5 ||    29
       Flame Wave        |       |       |     8 |     4 ||    12
  Use: Potion            |       |       |     1 |       ||     1
       Scroll            |       |       |    13 |     2 ||    15
 Stab: Sleeping          |     2 |     4 |     3 |       ||     9
Armor: Robe              |    19 |    13 |    57 |    20 ||   109
Dodge: Dodged            |    29 |    22 |    82 |    19 ||   152
Block: Kite shield       |       |       |     7 |    25 ||    32

Table legend: (Time is in decaauts)
 A = Elapsed time spent in this place.
 B = Non-inter-level travel time spent in this place.
 C = Inter-level travel time spent in this place.
 D = Time resting spent in this place.
 E = Time spent auto-exploring this place.
 F = Levels seen in this place.
 G = Mean time per level.
                   A        B        C        D        E       F      G
               +--------+--------+--------+--------+--------+-----+--------+
         Total |   8585 |   8392 |    193 |    754 |   5337 |  10 |  858.5 |
       Dungeon |   8198 |   8005 |    193 |    739 |   5190 |   9 |  910.9 |
         Sewer |    387 |    387 |      0 |     15 |    147 |   1 |  387.0 |
               +--------+--------+--------+--------+--------+-----+--------+

Top non-repeatable levels by time:
     D:8: 1564 daAuts
     D:7: 1168 daAuts
     D:4: 1104 daAuts
     D:5: 1033 daAuts
     D:2: 879 daAuts
     D:6: 835 daAuts
     D:1: 775 daAuts
     D:3: 675 daAuts
   Sewer: 387 daAuts
     D:9: 160 daAuts
